Map: Alcyone LE

Players

HeroMarine - Winner!

  • Race: Terran Terran
  • League: Grandmaster
  • Spawn Location: 7:00

trigger

  • Race: Protoss Protoss
  • League: Grandmaster
  • Spawn Location: 1:00

Event: HomeStory Cup XXV

VOD

Have the link to the VOD?

Description

Time

  • Played on: June 22, 2024, 1:21 p.m.
  • Length: 12:05

All games in this series

Show
View Real Time Build Order
Export as new Build Order

HeroMarine Terran - Winner!

Build Orders:  

Get SALT Encoding   

  12  0:00  SCV  
  13  0:12  SCV  
  14  0:16  Supply Depot  
  14  0:24  SCV  
  15  0:38  SCV, Barracks  
  16  0:44  Refinery  
  16  0:50  SCV  
  16  0:54  Refinery  
  17  1:02  SCV  
  18  1:14  SCV  
  19  1:25  Reaper  
  20  1:26  Orbital Command  
  20  1:45  Factory  
  20  1:49  Supply Depot  
  20  1:52  SCV  
  21  1:55  Bunker  
  21  1:57  Reaper  
  22  2:04  SCV  
  23  2:16  SCV  
  24  2:27  Factory Reactor  
  24  2:28  SCV  
  25  2:40  SCV  
  25  2:41  Command Center  
  25  2:53  SCV  
  25  2:55  Starport  
  26  3:00  Supply Depot  
  26  3:05  SCV  
  27  3:11  Widow Mine x2  
  31  3:19  Barracks Tech Lab  
  31  3:22  SCV  
  32  3:32  Widow Mine x2  
  36  3:34  SCV  
  36  3:38  Medivac  
  39  3:41  Bunker  
  39  3:53  Command Center  
  39  3:56  SCV  
  39  3:57  Orbital Command  
  40  4:04  Siege Tank  
  40  4:08  SCV  
  44  4:14  Marine x2  
  46  4:18  Starport Tech Lab  
  46  4:20  SCV  
  46  4:21  Supply Depot  
  46  4:23  SCV  
  48  4:32  SCV, Marine  
  48  4:35  Marine  
  48  4:36  Siege Tank  
  54  4:42  SCV  
  54  4:44  SCV  
  54  4:45  Barracks  
  56  4:54  SCV  
  56  4:56  SCV  
  56  4:57  Marine x2  
  56  5:05  Orbital Command  
  56  5:06  SCV  
  53  5:08  SCV, Barracks, Siege Tank  
  55  5:15  Marine x2  
  55  5:19  SCV, Starport Tech Lab  
  55  5:21  SCV, Refinery  
  59  5:25  Engineering Bay  
  59  5:31  SCV  
  59  5:33  SCV, Marine x2  
  59  5:34  SCV  
  64  5:42  Stimpack  
  64  5:43  SCV  
  64  5:45  SCV  
  64  5:46  SCV  
  67  5:50  Marine  
  67  5:51  Barracks  
  67  5:52  Barracks  
  67  5:53  Terran Infantry Weapons Level 1  
  67  5:55  SCV  
  69  5:57  SCV  
  69  5:58  SCV, Starport Reactor, Factory Reactor  
  69  6:02  Supply Depot  
  69  6:03  Supply Depot, Refinery  
  71  6:07  SCV  
  71  6:08  Marine x2  
  71  6:09  SCV  
  71  6:10  SCV  
  77  6:16  Marauder  
  77  6:22  Orbital Command  
  77  6:24  SCV x2, Marauder  
  81  6:26  Supply Depot  
  78  6:36  SCV x2  
  78  6:37  Marauder, Medivac  
  78  6:38  Medivac  
  84  6:41  Supply Depot  
  84  6:42  Supply Depot  
  84  6:45  Marauder  
  85  6:48  SCV x3  
  85  6:50  Barracks Reactor  
  88  6:54  Combat Shield  
  88  6:56  Supply Depot  
  88  6:57  Supply Depot  
  88  7:00  SCV x3, Marine  
  88  7:01  Marine  
  93  7:05  Marauder  
  93  7:06  Concussive Shells, Marauder  
  99  7:08  Widow Mine  
  99  7:12  Medivac  
  99  7:13  SCV  
  99  7:14  SCV x2  
  104  7:16  Refinery x2  
  92  7:24  Marine x3  
  92  7:26  SCV x2  
  92  7:27  SCV  
  92  7:28  Marine  
  92  7:29  Marine x3  
  79  7:38  SCV x2  
  79  7:39  SCV  
  79  7:42  Marine x3  
  76  7:46  Marine x2  
  76  7:48  Marine x2  
  76  7:50  SCV x2  
  73  7:51  SCV  
  73  7:53  Medivac  
  73  7:54  Medivac  
  70  8:00  Marine x2  
  70  8:02  SCV x2  
  70  8:03  SCV  
  70  8:04  Marine x3  
  71  8:06  Marine  
  71  8:10  Marine  
  68  8:14  SCV  
  68  8:17  Marine  
  68  8:18  Marine, Widow Mine x2  
  75  8:20  SCV  
  75  8:22  Marine x2, Marauder  
  75  8:24  Marauder  
  81  8:28  Marine, Medivac  
  81  8:29  Medivac  
  81  8:30  SCV  
  81  8:32  SCV  
  79  8:36  SCV  
  79  8:39  Marine x2  
  79  8:40  Marine x2  
  82  8:46  SCV x2  
  82  8:48  SCV, Terran Infantry Armor Level 1  
  85  8:51  Marauder  
  85  8:55  Marauder  
  91  8:56  Orbital Command  
  91  8:58  SCV, Medivac  
  91  8:59  SCV  
  91  9:00  SCV, Marine x2  
  91  9:01  Marine x3  
  99  9:03  Medivac  
  99  9:06  Widow Mine  
  99  9:08  Widow Mine  
  103  9:10  SCV  
  103  9:11  SCV  
  103  9:12  Marine  
  103  9:16  Marine  
  105  9:17  Marine  
  105  9:18  Marine x3  
  105  9:23  SCV x2  
  111  9:24  SCV  
  111  9:28  Medivac  
  116  9:31  Widow Mine  
  116  9:32  Widow Mine  
  116  9:33  Medivac  
  116  9:35  SCV, Marauder  
  116  9:36  SCV  
  124  9:40  Marauder  
  124  9:41  Marauder  
  124  9:42  SCV  
  129  9:47  SCV, Marine x2  
  129  9:48  SCV  
  129  9:49  Marine x2  
  133  9:55  SCV  
  133  9:58  Marine  
  132  10:01  Marine  
  132  10:02  Marine  
  132  10:06  Widow Mine  
  133  10:08  Marine x2  
  133  10:11  Orbital Command  
  133  10:14  Supply Depot  
  133  10:15  Marine  
  133  10:18  Widow Mine  
  131  10:22  Marauder  
  131  10:28  Marine x2  
  132  10:29  Marine  
  132  10:31  SCV, Marauder x2  
  132  10:32  SCV  
  130  10:36  SCV  
  131  10:43  SCV  
  131  10:44  SCV, Marine x2  
  136  10:52  Marauder  
  136  10:53  Marine, Marauder  
  140  11:00  Widow Mine  
  140  11:01  Supply Depot  
  140  11:02  Supply Depot  
  141  11:09  Marauder  
  138  11:11  Marine x2  
  138  11:14  Marine  
  138  11:15  Marauder  
  138  11:17  Marine  
  141  11:21  Marauder, Armory  
  140  11:29  Marine x2  
  140  11:31  Marine  
  140  11:32  Marine  
  145  11:35  Marine  
  145  11:36  Marine  
  126  11:41  SCV x2  
  126  11:42  SCV, Marine  
  126  11:47  Marine x2  
  114  11:53  SCV  
Show
View Real Time Build Order
Export as new Build Order

trigger Protoss 

Build Orders: 1 Gate Expand, Blink Stalkers, Chargelot Immortal 

Get SALT Encoding   

  12  0:00  Probe  
  13  0:12  Probe  
  14  0:16  Pylon  
  14  0:24  Probe (Chrono Boost)  
  15  0:36  Gateway, Probe (Chrono Boost)  
  16  0:44  Probe (Chrono Boost)  
  16  0:45  Assimilator  
  17  0:50  Probe  
  18  1:03  Probe  
  19  1:15  Probe  
  20  1:23  Cybernetics Core  
  20  1:31  Nexus  
  20  1:36  Pylon  
  20  1:44  Assimilator, Probe  
  21  1:56  Probe  
  21  1:57  Stalker (Chrono Boost)  
  24  2:05  Shield Battery  
  24  2:10  Shield Battery  
  24  2:12  Warp Gate  
  24  2:14  Probe  
  25  2:20  Stalker (Chrono Boost)  
  25  2:26  Probe  
  28  2:38  Probe  
  29  2:45  Probe  
  29  2:46  Stalker  
  29  2:50  Probe  
  33  2:57  Probe  
  34  3:03  Twilight Council, Probe  
  35  3:09  Probe  
  36  3:16  Probe (Chrono Boost)  
  37  3:21  Probe (Chrono Boost)  
  37  3:25  Gateway  
  38  3:32  Probe x2 (Chrono Boost)  
  39  3:37  Blink (Chrono Boost), Probe (Chrono Boost)  
  39  3:39  Probe  
  40  3:47  Probe  
  41  3:51  Probe, Pylon  
  42  4:02  Probe  
  43  4:04  Stalker  
  43  4:06  Probe  
  45  4:14  Probe  
  45  4:16  Nexus  
  46  4:18  Pylon  
  46  4:20  Stalker  
  46  4:22  Probe  
  49  4:26  Assimilator, Probe  
  50  4:33  Stalker  
  50  4:34  Probe  
  53  4:39  Probe  
  53  4:41  Robotics Facility  
  53  4:43  Stalker  
  56  4:50  Probe  
  57  4:57  Probe (Chrono Boost)  
  55  5:02  Probe (Chrono Boost)  
  55  5:09  Probe (Chrono Boost)  
  55  5:11  Probe (Chrono Boost)  
  55  5:14  Probe (Chrono Boost)  
  56  5:16  Probe  
  56  5:18  Forge  
  56  5:20  Gateway  
  58  5:21  Gateway  
  58  5:25  Stalker x2  
  58  5:28  Observer (Chrono Boost)  
  63  5:29  Probe x2  
  63  5:30  Probe  
  66  5:41  Shield Battery, Probe x2  
  66  5:42  Charge (Chrono Boost)  
  68  5:44  Immortal (Chrono Boost)  
  68  5:45  Gateway  
  72  5:54  Stalker x2  
  76  5:57  Pylon  
  76  6:07  Pylon  
  76  6:09  Pylon  
  76  6:15  Probe x2  
  76  6:16  Probe  
  79  6:21  Stalker x3  
  79  6:22  Warp Prism (Chrono Boost)  
  85  6:30  Gateway  
  87  6:35  Observer  
  87  6:42  Immortal  
  87  6:44  Zealot x5  
  95  6:47  Pylon  
  99  6:57  Gateway  
  99  6:59  Gateway, Pylon  
  99  7:00  Pylon  
  99  7:12  Zealot x5  
  107  7:28  Zealot  
  107  7:29  Probe  
  100  7:33  Zealot x5  
  102  7:39  Immortal  
  94  7:44  Forge  
  94  7:50  Zealot  
  88  7:54  Zealot x5  
  76  8:10  Nexus  
  76  8:11  Stalker x3  
  74  8:16  Stalker  
  74  8:17  Zealot x2  
  74  8:19  Zealot x2, Protoss Ground Weapons Level 1 (Chrono Boost), Immortal (Chrono Boost)  
  84  8:33  Zealot  
  84  8:34  Zealot x2  
  84  8:37  Observer  
  76  8:44  Zealot x5  
  86  8:54  Stalker x3  
  92  8:57  Immortal (Chrono Boost)  
  96  9:04  Zealot x4  
  104  9:19  Stalker x3  
  110  9:27  Zealot x5  
  120  9:32  Pylon  
  120  9:45  Stalker x3  
  125  9:52  Zealot x2  
  127  9:53  Zealot  
  125  10:04  Zealot x2  
  123  10:10  Zealot x3  
  127  10:16  Zealot x2  
  125  10:26  Probe  
  125  10:27  Probe  
  125  10:28  Pylon  
  127  10:35  Probe x2  
  115  10:38  Robotics Bay  
  115  10:39  Probe  
  115  10:42  Zealot x4  
  117  10:45  Probe  
  117  10:47  Shield Battery, Sentry x2, Probe  
  125  10:51  Probe, Photon Cannon  
  125  10:53  Zealot x2  
  125  10:54  Immortal (Chrono Boost)  
  130  10:59  Pylon  
  130  11:01  Pylon  
  130  11:04  Zealot x4  
  126  11:13  Stalker x3  
  126  11:14  Stalker  
  112  11:26  Zealot x4  
  112  11:30  Assimilator  
  112  11:31  Assimilator  
  114  11:33  Probe x2  
  114  11:37  Zealot x4  
  65  11:47  Zealot x4  
Tags
 
Add a new tag
Caveats
  • Supply blocks, unpowered buildings, or Contaminate may cause inaccurate times.
  • Supply counts are checked every 10 seconds.